 Dungeon Crawl Stone Soup version 0.32-a0-918-g0f22ef8d61 (webtiles) character file.

Game seed: 17263779887108636288

7666 ezpacito the Chopper (level 11, -4/99 HPs)
             Began as a Coglin Chaos Knight on Apr 11, 2024.
             Was a Plaything of Xom.
             Slain by a vampire mosquito (9 damage)
             ... on level 9 of the Dungeon.
             The game lasted 00:10:02 (7386 turns).

ezpacito the Chopper (Coglin Chaos Knight)          Turns: 7386, Time: 00:10:02

Health: -4/99      AC: 11    Str: 16    XL:     11   Next: 18%
Magic:  15/15      EV: 12    Int: 12    God:    Xom [...*..]
Gold:   421        SH:  0    Dex: 14    Spells: 9/16 levels left

rFire   . . .        a - +0 hand axe (chaos) {Hsekiu}
rCold   . . .        j - +2 trident (drain) {Tomás}
rNeg    . . .        h - +2 leather armour of the Eight Boll Weevils {+Blink Will+ Regen+}
rPois   .            v - +1 hat
rElec   .            k - +0 cloak
rCorr   .            l - +2 pair of gloves
SInv    .            (no boots)
Will    +....        (amulet unavailable)
Stlth   ++           (ring unavailable)
HPRegen 1.16/turn    (ring unavailable)
MPRegen 0.14/turn    (no gizmo)

%: no passive effects
@: lethally poisoned (-4 -> -4), revved
A: off-hand wielding, slow wielding, warmup strikes, no jewellery, robust 2
a: Invent Gizmo, Renounce Religion, Evoke Blink


You were on level 9 of the Dungeon.
You worshipped Xom.
You were a favourite toy of Xom.
You visited 2 branches of the dungeon, and saw 10 of its levels.

You collected 421 gold pieces.

Inventory:

Hand Weapons
 a - a +0 hand axe of chaos (weapon) {Hsekiu}
 f - a +0 hand axe of flaming
 j - a +2 trident of draining (offhand) {Tomás}
 q - a +3 scimitar of flaming
 C - a +0 war axe
Missiles
 e - 5 boomerangs (quivered)
 A - 6 poisoned darts
 B - a curare-tipped dart
 F - 3 javelins
Armour
 d - a +0 troll leather armour
 g - a +2 chain mail of fire resistance
 h - the +2 leather armour of the Eight Boll Weevils (worn) {+Blink Will+ Regen+}
   (You found it on level 6 of the Dungeon)

   Will+:     It increases your willpower.
   +Blink:    It lets you blink.
   Regen+:    It increases your rate of health regeneration.
 k - a +0 cloak (worn)
 l - a +2 pair of gloves (worn)
 t - a +0 helmet
 v - a +1 hat (worn)
Talismans
 x - a beast talisman
 E - a serpent talisman
Wands
 n - a wand of charming (36)
 G - a wand of flame (3)
 I - a wand of warping (15)
Scrolls
 b - a scroll of vulnerability {unknown}
 c - a scroll of fear {unknown}
 i - 2 scrolls of revelation {unknown}
 m - a scroll of acquirement
 r - a scroll of enchant weapon
 u - a scroll of silence
 w - 4 scrolls of amnesia
 z - a scroll of fog {unknown}
 D - a scroll of enchant armour
 H - a scroll of teleportation {unknown}
Potions
 o - 2 potions of enlightenment
 p - 2 potions of mutation


   Skills:
 * Level 6.7 Fighting
 * Level 6.7(7.8) Axes
 * Level 5.2(6.6) Polearms
 * Level 5.7 Armour
 * Level 5.3 Dodging
 + Level 3.6 Stealth
 + Level 3.2 Spellcasting
 + Level 3.3 Conjurations
 + Level 2.9 Air Magic
 + Level 4.2 Alchemy
 + Level 4.8 Evocations
 + Level 2.9 Shapeshifting


You had 9 spell levels left.
You knew the following spells:

 Your Spells              Type           Power      Damage    Failure   Level
a - Sting                 Conj/Alch      40%        1d5       6%          1
b - Olgreb's Toxic Radia  Alch           12%        N/A       45%         4
c - Mercury Vapours       Alch/Air       20%        N/A       10%         2

Your spell library contained the following spells:

 Spells                   Type           Power      Damage    Failure   Level
 Kiss of Death            Conj/Necr      20%        2d7       14%         1
 Cigotuvi's Dreadful Rot  Necr/Alch/Air  14%        N/A       16%         2
 Hailstorm                Conj/Ice       5%         3d5       41%         3
 Confusing Touch          Hex            1%         N/A       65%         3
 Summon Ice Beast         Ice/Summ       1%         N/A       65%         3
 Teleport Other           Tloc           1%         N/A       65%         3
 Tukima's Dance           Hex            1%         N/A       65%         3
 Ignite Poison            Fire/Alch      6%         N/A       77%         4
 Iskenderun's Mystic Bla Conj/Tloc 5%             2d3        (+2d1     82%         4
 Dimensional Bullseye     Hex/Tloc       0%         N/A       96%         4
 Dispel Undead            Necr           1%         3d6       96%         4
 Freezing Cloud           Conj/Ice/Air   3%         6-21      98%         5
 Dispersal                Tloc           0%         N/A       100%        6
 Gell's Gavotte           Tloc           0%         2d(11-16) 100%        6
 Permafrost Eruption      Ice/Erth       0%         2x4d1     100%        6
 Sculpt Simulacrum        Ice/Alch       3%         N/A       100%        6


Dungeon Overview and Level Annotations

Branches:
Dungeon (9/15)             Temple (1/1) D:6
   Lair: D:8-11         Orc: D:9-12

Altars:
Ashenzari
Cheibriados
Dithmenos
Elyvilon
Fedhas
Gozag
Hepliaklqana
Kikubaaqudgha
Makhleb
Nemelex Xobeh
Okawaru
Qazlal
Ru
Sif Muna
Trog
Uskayaw
Vehumet
Wu Jian
Xom
Yredelemnul
Zin
The Shining One

Shops:
D:9 (:*

Annotations:
D:3 3 runed translucent doors, Gazog's ghost, amateur CoGl


Innate Abilities, Weirdness & Mutations

You can wield a second weapon in your off-hand.
It takes a long time for you to wield or remove held weapons.
Your first few attacks do less damage.
You cannot equip rings or amulets.
You are very robust. (+20% HP)


Message History

You feel sick. The vampire mosquito bites you.
The vampire mosquito draws strength from your injuries!
The vampire mosquito closely misses you.
The gnoll sergeant hits you from afar with a +2 trident of venom.
* * * LOW HITPOINT WARNING * * *
You are more poisoned.
You take 6 damage, and have 26/99 hp.
Okay, then.
Aiming: Throw Flame
Press: ? - help, Shift-Dir - straight line, f - gnoll
Aim: a gnoll, wielding a +0 spear (77% to hit)
The puff of flame misses the vampire mosquito.
The puff of flame hits the gnoll sergeant!
The gnoll sergeant is moderately wounded.
You feel very sick. The vampire mosquito barely misses you.
The vampire mosquito misses you.
The gnoll sergeant hits you from afar with a +2 trident of venom.
* * * LOW HITPOINT WARNING * * *
You take 7 damage, and have 19/99 hp.
You feel sick.
Xom asks Qazlal to spice things up a little.
The vampire mosquito bites you!
* * * LOW HITPOINT WARNING * * *
The vampire mosquito draws strength from your injuries!
You slash the vampire mosquito with your +0 hand axe of chaos!
The vampire mosquito convulses!
The vampire mosquito is severely damaged.
You miss the vampire mosquito with your +2 trident of draining.
You feel sick. The vampire mosquito barely misses you.
The vampire mosquito bites you.
* * * LOW HITPOINT WARNING * * *
The vampire mosquito draws strength from your injuries!
You take 13 damage, and have 6/99 hp.
You feel sick.
The vampire mosquito closely misses you.
You take 1 damage, and have 5/99 hp.
Okay, then.
You feel sick. The vampire mosquito bites you!
You die...
Xom bursts into laughter!

#..## ##........ ..#
#.#.###.)..#######..#
#.##.#........g.....#####
#.###......###.g.gg.....#
###.####.....#
#§##...###.
..........##.###§##)).#
###.####..##..##y##g..#
..............§§y##...#
.#.#.#.#.#.#.#§#@##...#
..........#..§.§.##....
.#.#.#...#.#.#.#.##.####
....................#
.#.#.....#.#..##.##.
.......#......##.# #
.#....##.#..#.##<. .....
.......##### .#. #.####.#


You could see 2 vampire mosquitoes.

Vanquished Creatures
  Erica (D:9)
  2 two-headed ogres
  A faun (D:9)
  Joseph (D:7)
  Psyche (D:8)
  Jeremiah (D:6)
  A troll (D:9)
  A hornet (D:8)
  Sigmund (D:6)
  7 yaks
  A fire bat (D:6)
  A wyvern (D:9)
  A steam dragon (D:9)
  2 water moccasins
  2 ice beasts
  A black bear (D:4)
  A tengu (D:6)
  A centaur (D:8)
  2 phantoms
  A kobold brigand (D:6)
  2 scorpions (D:6)
  3 bullfrogs
  5 wights (D:7)
  3 howler monkeys
  A bombardier beetle (D:6)
  A hound (D:5)
  A jelly (D:9)
  4 orc priests
  2 gnoll boudas (D:7)
  A sleepcap (D:4)
  3 iguanas
  4 orc wizards
  14 gnolls
  3 adders
  A shadow imp (D:7)
  3 white imps
  An ufetubus (D:7)
  4 dart slugs
  2 ribbon worms
  26 orcs
  5 bats
  6 endoplasms
  6 goblins
  5 hobgoblins
  A jackal (D:2)
  6 kobolds
  4 quokkas
  11 ball pythons
  4 frilled lizards
  6 rats
168 creatures vanquished.

Vanquished Creatures (collateral kills)
  A yak (D:6)
  2 orc warriors (D:8)
  An ice beast (D:8)
  An ogre (D:4)
  A phantom (D:4)
  A howler monkey (D:8)
  An orc priest (D:6)
  An orc wizard (D:8)
  2 orcs (D:8)
  A kobold (D:6)
12 creatures vanquished.

Vanquished Creatures (others)
  An eldritch tentacle (D:6)
  A centaur (D:9)
  A phantom (D:6)
  2 kobolds (D:6)
5 creatures vanquished.

Grand Total: 185 creatures vanquished

Notes
Turn   | Place    | Note
-------+----------+-------------------------------------------
     0 | D:1      | ezpacito the Coglin Chaos Knight began the quest for the
                  | Orb.
     0 | D:1      | Reached XP level 1. HP: 18/18 MP: 1/1
   136 | D:1      | XOM: silly message
   295 | D:1      | Reached skill level 1 in Dodging
   343 | D:1      | Reached XP level 2. HP: 24/24 MP: 2/2
   510 | D:1      | XOM: divination: magic mapping
   766 | D:1      | XOM: silly message
  1177 | D:2      | Reached XP level 3. HP: 29/29 MP: 3/3
  1220 | D:2      | Gained mutation: You have a pair of small horns on your
                  | head. [potion of mutation]
  1220 | D:2      | Gained mutation: Your natural rate of healing is unusually
                  | fast. [potion of mutation]
  1220 | D:2      | Lost mutation: Your natural rate of healing is unusually
                  | fast. [potion of mutation]
  1220 | D:2      | Gained mutation: You have hidden genetic potential. [potion
                  | of mutation]
  1226 | D:2      | Reached skill level 1 in Polearms
  1226 | D:2      | Reached XP level 4. HP: 20/35 MP: 4/4
  1941 | D:3      | Gained mutation: You are robust. (+10% HP) [hidden
                  | potential]
  1991 | D:3      | XOM: 5-stop teleportation journey
  2045 | D:3      | Noticed Gazog's ghost (amateur CoGl)
  2047 | D:3      | Found a runed translucent gate.
  2048 | D:3      | Found a runed translucent gate.
  2048 | D:3      | Found a runed translucent gate.
  2185 | D:3      | XOM: give mutations
  2185 | D:3      | Lost mutation: You have a pair of small horns on your head.
                  | [Xom's mischief]
  2185 | D:3      | Gained mutation: You possess an exceptional clarity of
                  | mind. [Xom's mischief]
  2389 | D:3      | Reached skill level 1 in Stealth
  2393 | D:3      | Reached XP level 5. HP: 29/45 MP: 5/5
  2432 | D:3      | Gained mutation: You are very robust. (+20% HP) [hidden
                  | potential]
  2432 | D:3      | Lost mutation: You have hidden genetic potential. [hidden
                  | potential expressed]
  2503 | D:3      | XOM: give mutations
  2503 | D:3      | Lost mutation: You possess an exceptional clarity of mind.
                  | [Xom's mischief]
  2503 | D:3      | Gained mutation: You are clumsy. (Dex -2) [Xom's mischief]
  2525 | D:3      | Found a hazy altar of Hepliaklqana.
  2526 | D:3      | Found a shimmering altar of Xom.
  2527 | D:3      | Noticed a spectral ugly thing
  2603 | D:3      | Learned a level 1 spell: Sting
  2608 | D:3      | Learned a level 4 spell: Olgreb's Toxic Radiance
  2798 | D:4      | Noticed an ogre
  2802 | D:4      | Killed an ogre
  2803 | D:4      | Reached skill level 1 in Evocations
  2803 | D:4      | Reached XP level 6. HP: 57/57 MP: 5/7
  2845 | D:4      | Reached skill level 1 in Spellcasting
  2915 | D:4      | XOM: stat loss: -1 Dex (10/11)
  3092 | D:4      | Noticed a black bear
  3095 | D:4      | Killed a black bear
  3096 | D:4      | Reached skill level 1 in Alchemy
  3096 | D:4      | Reached XP level 7. HP: 60/64 MP: 8/8
  3136 | D:4      | Found a sparkling altar of Nemelex Xobeh.
  3136 | D:4      | Found an iron altar of Okawaru.
  3137 | D:4      | Found an ancient bone altar of Kikubaaqudgha.
  3319 | D:4      | Reached skill level 1 in Shapeshifting
  3405 | D:4      | XOM: summons 4 hostile demons
  3614 | D:5      | XOM: noise
  3614 | D:5      | Entered Level 5 of the Dungeon
  3621 | D:5      | XOM: confuse monster(s)
  3625 | D:5      | Reached skill level 1 in Conjurations
  3664 | D:5      | XOM: silly message
  4002 | D:5      | Found an ornate altar of the Wu Jian Council.
  4113 | D:5      | Found a bloodstained altar of Trog.
  4350 | D:5      | Found a blossoming altar of Fedhas.
  4540 | D:5      | Learned a level 2 spell: Mercury Vapours
  4580 | D:6      | XOM: enchant monster (good)
  4587 | D:6      | XOM: divine lightning
  4606 | D:6      | Identified a scroll of acquirement
  4634 | D:6      | XOM: give mutation
  4634 | D:6      | Lost mutation: You are clumsy. (Dex -2) [Xom's mischief]
  4643 | D:6      | Noticed Sigmund
  4644 | D:6      | XOM: destruction
  4648 | D:6      | Noticed Eustachio
  4656 | D:6      | Killed Sigmund
  4657 | D:6      | Reached XP level 8. HP: 56/73 MP: 10/10
  4663 | D:6      | XOM: noise
  4668 | D:6      | XOM: swap monsters
  4674 | D:6      | Eustachio changed into Eustachio the tengu
  4674 | D:6      | Noticed Eustachio
  4676 | D:6      | Killed Eustachio the tengu
  4721 | D:6      | XOM: 2-stop teleportation journey
  4900 | D:6      | Noticed Jeremiah
  4908 | D:6      | XOM: confuse monster(s)
  4915 | D:6      | Killed Jeremiah
  4916 | D:6      | Reached skill level 1 in Air Magic
  5012 | D:6      | XOM: divination: magic mapping
  5013 | D:6      | XOM: summons 2 friendly demons
  5033 | D:6      | XOM: blink monster(s)
  5041 | D:6      | XOM: confusion (+ monsters)
  5051 | D:6      | Reached skill level 5 in Axes
  5052 | D:6      | Reached skill level 5 in Fighting
  5052 | D:6      | Reached XP level 9. HP: 40/81 MP: 10/12
  5057 | D:6      | Identified the +2 leather armour of the Eight Boll Weevils
                  | {+Blink Will+ Regen+}
  5187 | D:6      | XOM: god gift: wand of charming (6)
  5291 | D:6      | XOM: fake destruction
  5292 | D:6      | XOM: cast spell 'Malign Gateway'
  5539 | D:6      | Found a staircase to the Ecumenical Temple.
  5633 | D:6      | Found a white marble altar of Elyvilon.
  5670 | Temple   | Entered the Ecumenical Temple
  5707 | D:6      | Found a shimmering blue altar of Sif Muna.
  5806 | D:6      | XOM: summons friendly iron imp
  5865 | D:6      | XOM: polymorph steam dragon -> dart slug
  5956 | D:7      | Noticed a two-headed ogre
  5966 | D:7      | Killed a two-headed ogre
  6025 | D:7      | Noticed Joseph
  6038 | D:7      | Killed Joseph
  6039 | D:7      | Reached XP level 10. HP: 79/91 MP: 13/13
  6204 | D:7      | Found a glowing silver altar of Zin.
  6343 | D:7      | XOM: noise
  6511 | D:7      | XOM: cast spell 'Alistair's Intoxication'
  6636 | D:8      | Found a shadowy altar of Dithmenos.
  6655 | D:8      | Reached skill level 5 in Armour
  6691 | D:8      | Noticed Psyche
  6695 | D:8      | Killed Psyche
  6788 | D:8      | XOM: enchant monster (good)
  7041 | D:9      | Noticed a two-headed ogre
  7041 | D:9      | Found Oprato's Antique Weapon Shop.
  7041 | D:9      | Found Hoabbatz's Book Shop.
  7041 | D:9      | Found Jups's Assorted Antiques.
  7131 | D:9      | Noticed a two-headed ogre
  7135 | D:9      | Killed a two-headed ogre
  7136 | D:9      | Reached skill level 5 in Dodging
  7149 | D:9      | XOM: cloud trail
  7182 | D:9      | Noticed Erica
  7182 | D:9      | XOM: confuse monster(s)
  7185 | D:9      | XOM: confuse monster(s)
  7195 | D:9      | Killed Erica
  7196 | D:9      | Reached skill level 5 in Polearms
  7196 | D:9      | Reached XP level 11. HP: 90/99 MP: 15/15
  7233 | D:9      | XOM: 1-stop teleportation journey
  7246 | D:9      | XOM: smoke on damage
  7300 | D:9      | a two-headed ogre changed into a faun
  7300 | D:9      | Noticed a faun
  7306 | D:9      | Killed a faun
  7383 | D:9      | XOM: fog
  7386 | D:9      | Slain by a vampire mosquito

Illustrated notes

Levels and vault maps discovered:
D:1:      minmay_arrival_four_circles, layout_basic, minmay_door_square
D:2:      layout_basic, minmay_heptomino_w4
D:3:      layout_loops_ring, regret_index_temple_of_mockery,
          gammafunk_ghost_split
D:4:      layout_cave_pods, gammafunk_temple_overflow_claw
D:5:      layout_basic, trog_three_pillars_becter, mainiacjoe_overflow_paths,
          general_overflow_altar
D:6:      layout_cave_pods, jmf_multi_god_temple2,
          minmay_temple_entry_enclosed_plants, uniq_jeremiah, uniq_sigmund,
          uniq_eustachio
D:7:      layout_loops_ring, mainiacjoe_overflow_24_doors, uniq_joseph
D:8:      layout_cave_pools, grunt_dithmenos_smoke, kennysheep_generic_room_7,
          uniq_psyche
D:9:      layout_loops_ring, st_stairs_14, chequers_serial_rivers_small_a,
          grunt_ministairs_13, corexii_hall_statues_x,
          nicolae_shop_distant_corner_stores, grunt_decor_one_mirror,
          hangedman_decor_riveting, minmay_quadrilaterals, uniq_erica
Temple:   chequers_temple_sunken

Skill      XL: |  1  2  3  4  5  6  7  8  9 10 |
---------------+-------------------------------+-----
Dodging        | 1 2 3 4 5 |  5.3
Armour         | 2 3 4 5 |  5.7
Polearms       | 1 2 3 4 5 |  5.2
Stealth        | 1 2 3 |  3.6
Evocations     | 1 2 3 4 |  4.8
Axes           | 4 5 6 |  6.7
Spellcasting   | 1 2 3 |  3.2
Fighting       | 4 5 6 |  6.7
Alchemy        | 1 2 3 4 |  4.2
Shapeshifting  | 1 2 |  2.9
Conjurations   | 1 2 3 |  3.3
Air Magic      | 1 2 |  2.9

Action                     |  1- 3 |  4- 6 |  7- 9 | 10-12 || total
---------------------------+-------+-------+-------+-------++-------
  Melee: Hand axe          |    62 |    69 |   133 |   138 ||   402
         Dagger            |    58 |     1 |       |       ||    59
         Headbutt          |     1 |     6 |       |       ||     7
         Spear             |       |    79 |       |       ||    79
         Trident           |       |     8 |   150 |   170 ||   328
  Throw: Boomerang         |       |       |     1 |       ||     1
  Evoke: Wand              |       |       |     9 |     1 ||    10
    Use: Potion            |     4 |       |     6 |     3 ||    13
         Scroll            |     1 |       |     7 |     1 ||     9
   Stab: Sleeping          |     1 |       |     1 |     3 ||     5
         Confused          |       |       |     3 |     3 ||     6
         Paralysed         |       |       |     1 |       ||     1
         Petrified         |       |       |       |     8 ||     8
         Petrifying        |       |       |       |     1 ||     1
 Armour: Leather armour    |    49 |     4 |    21 |   146 ||   220
         Chain mail        |       |    46 |   109 |       ||   155
  Dodge: Dodged            |    30 |    23 |    66 |   111 ||   230

Table legend: (Time is in decaauts)
 A = Elapsed time spent in this place.
 B = Non-inter-level travel time spent in this place.
 C = Inter-level travel time spent in this place.
 D = Time resting spent in this place.
 E = Time spent auto-exploring this place.
 F = Levels seen in this place.
 G = Mean time per level.
                   A        B        C        D        E       F      G
               +--------+--------+--------+--------+--------+-----+--------+
         Total |   7335 |   6962 |    373 |      0 |   5728 |  10 |  733.5 |
       Dungeon |   7304 |   6962 |    342 |      0 |   5728 |   9 |  811.6 |
        Temple |     31 |      1 |     30 |      0 |      0 |   1 |   31.0 |
               +--------+--------+--------+--------+--------+-----+--------+

Top non-repeatable levels by time:
     D:6: 1219 daAuts
     D:4: 994 daAuts
     D:5: 969 daAuts
     D:2: 932 daAuts
     D:3: 856 daAuts
     D:1: 823 daAuts
     D:7: 732 daAuts
     D:8: 462 daAuts
     D:9: 312 daAuts
  Temple: 31 daAuts
